 Dungeon Crawl Stone Soup version 0.18-a0-1026-ge317a7f (webtiles) character file.

70 lipayy the Shield-Bearer (level 4, 0/37 HPs)
             Began as a Formicid Fighter on Jan 9, 2016.
             Slain by a gnoll
             ... wielding a +0 spear
              (1 damage)
             ... on level 2 of the Dungeon.
             The game lasted 00:08:08 (2142 turns).

lipayy the Shield-Bearer (Formicid Fighter)         Turns: 2142, Time: 00:08:08

Health: 0/37       AC:  7    Str: 21    XL:     4   Next: 44%
Magic:  4/4        EV:  8    Int:  7    God:
Gold:   45         SH:  9    Dex: 11    Spells: 0 memorised, 3 levels left

rFire  . . .     SeeInvis +     a - +0 long sword
rCold  . . .     Gourm    .     b - +0 scale mail
rNeg   . . .     Faith    .     c - +0 shield
rPois  .         Spirit   .     (helmet unavailable)
rElec  .         Dismiss  .     (no cloak)
rCorr  .         Reflect  .     (no gloves)
SustAt .         Harm     .     (no boots)
MR     .....                    (no amulet)
Stlth  ..........               (no ring)
                                (no ring)

@: not resistant to hostile enchantments, extremely unstealthy
A: permanent stasis, dig shafts and tunnels, four strong arms, antennae 3
a: Dig, Shaft Self


You were on level 2 of the Dungeon.
You were not hungry.

You visited 1 branch of the dungeon, and saw 2 of its levels.

You collected 45 gold pieces.

Inventory:

Hand Weapons
 a - a +0 long sword (weapon)
Armour
 b - a +0 scale mail (worn)
 c - a +0 shield (worn)
 g - a +0 helmet
 l - a +0 ring mail
Jewellery
 j - an uncursed amulet of rage {unknown}
Scrolls
 e - a scroll of noise {unknown}
 h - 5 scrolls of identify {unknown}
 i - a scroll of recharging
 k - a scroll of teleportation {unknown}
Potions
 d - a potion of might
 n - a potion of magic
 o - a potion of curing {unknown}
Comestibles
 f - a bread ration


   Skills:
 + Level 3.8 Fighting
 + Level 2.0 Long Blades
 + Level 3.9 Armour
 + Level 1.2 Dodging
 + Level 4.4 Shields


You had 3 spell levels left.
You didn't know any spells.

Dungeon Overview and Level Annotations

Branches:
Dungeon (2/15)

Altars:


Innate Abilities, Weirdness & Mutations

You are under a permanent stasis effect.
You can dig through walls and to a lower floor.
Your four strong arms can wield two-handed weapons with a shield.
You have a pair of large antennae on your head (SInv).


Message History

You block the gnoll's attack. The gnoll closely misses you.
You closely miss the gnoll.
The gnoll is almost dead.
The gnoll hits you from afar with a spear.
* * * LOW HITPOINT WARNING * * *
You block the gnoll's attack.
You barely miss the gnoll.
The gnoll is almost dead.
The gnoll hits you but does no damage. The gnoll hits you with a halberd.
* * * LOW HITPOINT WARNING * * *
You block the gnoll's attack.
You hit the gnoll but do no damage.
The gnoll is almost dead.
The gnoll hits you but does no damage. You block the gnoll's attack.
You hit the gnoll.
You kill the gnoll!
The gnoll hits you from afar with a spear!
* * * LOW HITPOINT WARNING * * *
The gnoll hits you with a spear.
You die...

#### ##♣♣♣♣♣♣..#
♣#####..gg.g..)#.
..♣.♣♣...##.♣♣♣♣♣♣#.....[.
....<.....................
......##.###..g...........
..##?. #.# ###@######.....
. #.. #.# #.# #.... #.#{
#.# #<# #... #. #.# #)#
#+# # #.# #.# ..# #.# #.#
#.. ###


You could see a gnoll.

Vanquished Creatures
  4 gnolls
  An ooze (D:1)
  A giant gecko (D:1)
  2 giant cockroaches (D:1)
  3 goblins (D:1)
  3 hobgoblins (D:1)
  4 bats (D:1)
  A giant newt (D:1)
  4 kobolds (D:1)
  5 rats
28 creatures vanquished.

Notes
Turn   | Place    | Note
--------------------------------------------------------------
     0 | D:1      | lipayy the Formicid Fighter began the quest for the Orb.
     0 | D:1      | Reached XP level 1. HP: 18/18 MP: 1/1
   155 | D:1      | Reached XP level 2. HP: 21/24 MP: 2/2
  1133 | D:1      | Reached skill level 4 in Shields
  1169 | D:1      | Reached XP level 3. HP: 21/30 MP: 3/3
  1872 | D:2      | Reached skill level 1 in Dodging
  1872 | D:2      | Reached XP level 4. HP: 16/37 MP: 4/4
  2141 | D:2      | HP: 1/37 [gnoll/spear (7)]
  2142 | D:2      | Slain by a gnoll

Vault maps used:
D:1:      mrwooster_arrival_statue_3
D:2:      serial_forest, infiniplex_forest_straight_2, infiniplex_forest_end_3,
          infiniplex_forest_end_2, infiniplex_forest_straight_4,
          infiniplex_forest_zigzag_1, infiniplex_forest_straight_2, uniq_iyjb,
          uniq_sigmund

Action                   |  1- 3 |  4- 6 || total
-------------------------+-------+-------++-------
Melee: Long sword        |    96 |    17 ||   113
  Use: Scroll            |     1 |       ||     1
       Potion            |       |     1 ||     1
  Eat: Chunk             |     2 |       ||     2
       Meat ration       |       |     1 ||     1
       Fruit             |       |     1 ||     1
